 Dungeon Crawl Stone Soup version 0.30.1-11-g7821555f0a (webtiles) character file.

Game seed: 16558355070197687132

1166 KittyFluff the Cudgeller (level 8, -3/73 HPs)
             Began as a Gargoyle Berserker on Nov 10, 2023.
             Was an Elder of Trog.
             Slain by a wight
             ... wielding a +5 flail
              (13 damage)
             ... on level 6 of the Dungeon.
             The game lasted 00:20:55 (4723 turns).

KittyFluff the Cudgeller (Gargoyle Berserker)       Turns: 4723, Time: 00:20:58

Health: -3/73      AC: 13    Str: 23    XL:     8   Next: 40%
Magic:  8/8        EV: 12    Int:  8    God:    Trog [****..]
Gold:   269        SH:  0    Dex:  9    Spells: 7/7 levels left

rFire   . . .        a - +0 mace
rCold   . . .        (no shield)
rNeg    + . .        A - +3 leather armour {rPois}
rPois   ∞            (no helmet)
rElec   +            (no cloak)
rCorr   .            v - +0 pair of gloves
SInv    .            (no boots)
Will    +....        (no amulet) Stlth
                     q - ring of willpower
HPRegen 0.32/turn    (no ring)
MPRegen 0.11/turn

%: no passive effects
@: berserking, very quick
A: sickness immunity, AC +5, negative energy resistance 1, electricity
resistance, torment resistance 1, petrification resistance
a: Renounce Religion, Berserk, Trog's Hand, Brothers in Arms


You were on level 6 of the Dungeon.
You worshipped Trog.
Trog was greatly pleased with you.
You visited 1 branch of the dungeon, and saw 6 of its levels.

You collected 269 gold pieces.

Inventory:

Hand Weapons
 a - a +0 mace (weapon)
 d - a +0 sling
 m - a +0 lajatang
Missiles
 n - 8 poisoned darts (quivered)
 B - 5 atropa-tipped darts
Armour
 p - a +1 ring mail of fire resistance
 v - a +0 pair of gloves (worn)
 x - a +1 ring mail of cold resistance
 A - a +3 leather armour of poison resistance (worn)
Jewellery
 q - a ring of willpower (left hand)
Wands
 e - a wand of polymorph (3)
 t - a wand of mindburst (18)
 y - a wand of charming (11)
Scrolls
 f - a scroll of silence {unknown}
 g - 2 scrolls of teleportation
 k - a scroll of fear {unknown}
 l - 2 scrolls of poison
 o - 3 scrolls of magic mapping {unknown}
 w - a scroll of blinking {unknown}
Potions
 b - a potion of invisibility
 c - 2 potions of curing {unknown}
 h - 2 potions of heal wounds
 i - 4 potions of haste {unknown}
 j - a potion of resistance {unknown}
 r - 2 potions of brilliance {unknown}
 s - a potion of ambrosia {unknown}
 u - a potion of degeneration {unknown}
 z - a potion of flight {unknown}


   Skills:
 + Level 5.1 Fighting
 * Level 6.0 Maces & Flails
 * Level 6.0 Armour
 + Level 3.3 Dodging
 + Level 4.0 Stealth


You had 7 spell levels left.
You didn't know any spells.
Your spell library was empty.

Dungeon Overview and Level Annotations

Branches:
Dungeon (6/15)
 Temple: D:4-7

Altars:
Cheibriados
Gozag
Uskayaw

Shops:
D:5 ?


Innate Abilities, Weirdness & Mutations

You are immune to sickness and miasma.
Your stone body is resilient. (AC +5)
You are immune to poison.
You resist negative energy. (rN+)
You are resistant to electric shocks. (rElec)
You are resistant to unholy torment.
You are immune to petrification.


Message History

There is a stone staircase leading down here.
You hit the wight.
The wight is lightly damaged.
The wight barely misses you.
You hit the wight but do no damage. The wight completely misses you.
The wight barely misses you.
You closely miss the wight. The wight hits you but does no damage.
The wight hits you with a +5 flail.
You hit the wight.
The wight is moderately damaged.
The wight closely misses you. The wight hits you with a +5 flail.
You hit the wight but do no damage.
The wight is moderately damaged.
The wight hits you but does no damage. The wight hits you with a +5 flail!
You completely miss the wight.
The wight is moderately damaged.
The wight hits you with a +5 flail.
The wight hits you with a +3 flail of freezing.
The wight freezes you.
You hit the wight but do no damage.
The wight is moderately damaged.
The wight hits you but does no damage. The wight hits you with a +5 flail!
* * * LOW HITPOINT WARNING * * *
A red film seems to cover your vision as you go berserk!
You feel yourself moving faster!
You feel mighty! The wight hits you with a +5 flail.
* * * LOW HITPOINT WARNING * * *
The wight hits you but does no damage.
You completely miss the wight.
The wight is lightly damaged.
The wight misses you. The wight hits you with a +5 flail.
* * * LOW HITPOINT WARNING * * *
You barely miss the wight.
The wight is lightly damaged.
The wight hits you with a +3 flail of freezing.
* * * LOW HITPOINT WARNING * * *
The wight freezes you.
* * * LOW HITPOINT WARNING * * *
The wight hits you with a +5 flail!
You die...

#.# #.#..# .#
#.########....# ..
#..........##.# ###
#...######.##.#
####..........##.###
.......######.##...
########
#.##.#####..
#.[.>......#
####@z.....#
#z####### #z# #z#
#.# #.# #.. ###


You could see 4 wights.

Vanquished Creatures
  A water moccasin (D:5)
  A black bear (D:5)
  An ogre (D:4)
  2 phantoms (D:5)
  A bullfrog (D:6)
  A scorpion (D:5)
  2 orc priests (D:5)
  2 hounds (D:4)
  2 gnoll boudas (D:6)
  Jessica (D:2)
  4 iguanas
  An orc wizard (D:4)
  9 gnolls (D:6)
  7 adders
  A white imp (D:5)
  2 ufetubi (D:5)
  2 worms (D:2)
  3 dart slugs
  22 orcs
  3 ball pythons (D:2)
  4 bats (D:2)
  2 endoplasms (D:2)
  3 giant cockroaches
  11 goblins
  7 hobgoblins
  8 jackals
  6 kobolds
  3 quokkas
  6 frilled lizards
  5 rats
123 creatures vanquished.

Notes
Turn   | Place    | Note
-------+----------+-------------------------------------------
     0 | D:1      | KittyFluff the Gargoyle Berserker began the quest for the
                  | Orb.
     0 | D:1      | Reached XP level 1. HP: 14/14 MP: 1/1
   255 | D:1      | Reached XP level 2. HP: 16/19 MP: 2/2
   545 | D:1      | Found a faded altar of an unknown god.
   635 | D:2      | Reached XP level 3. HP: 5/23 MP: 3/3
   640 | D:2      | Reached ** piety under Trog
   740 | D:2      | Reached skill level 1 in Stealth
   927 | D:2      | Reached XP level 4. HP: 27/28 MP: 4/4
  1013 | D:2      | Noticed Jessica
  1031 | D:2      | Killed Jessica
  1416 | D:3      | Reached XP level 5. HP: 19/33 MP: 5/5
  1639 | D:3      | Reached *** piety under Trog
  1998 | D:3      | Found an opulent altar of Gozag.
  2281 | D:4      | Reached XP level 6. HP: 18/38 MP: 6/6
  3004 | D:5      | Entered Level 5 of the Dungeon
  3042 | D:5      | Reached XP level 7. HP: 29/44 MP: 7/7
  3165 | D:5      | Reached skill level 5 in Maces & Flails
  3171 | D:5      | Found Uluutraq's Magic Scroll Boutique.
  3211 | D:5      | Reached skill level 5 in Armour
  3762 | D:5      | Found a snail-covered altar of Cheibriados.
  3911 | D:5      | Reached XP level 8. HP: 36/48 MP: 8/8
  4002 | D:5      | Reached skill level 5 in Fighting
  4265 | D:6      | Reached **** piety under Trog
  4480 | D:6      | Found a hide-covered altar of Uskayaw.
  4723 | D:6      | Slain by a wight

Illustrated notes

Levels and vault maps discovered:
D:1:      saegor_arrival_fortress, layout_rooms,
          chequers_ecumenical_altar_simple
D:2:      layout_rooms, minmay_pentomino_r4, uniq_jessica
D:3:      kennysheep_the_goblin_king, layout_loops_ring, general_overflow_altar
D:4:      layout_cave_pools, grunt_decor_one_mirror, minmay_strange_pillars,
          wad_floor_pattern_untrapped
D:5:      layout_basic, mainiacjoe_overflow_24_doors, serial_shops,
          nicolae_shop_pleasant_corner_grove
D:6:      cheibrodos_helix_gallery, layout_loops_ring,
          palyth_temple_overflow_mages, mainiacjoe_overflow_catwalk

Skill      XL: |  1  2  3  4  5  6  7  8 |
---------------+-------------------------+-----
Stealth        | 1 2 3 4 |  4.0
Armour         | 3 4 5 6 |  6.0
Dodging        | 2 3 |  3.3
Maces & Flails | 4 5 6 |  6.0
Fighting       | 4 5 |  5.1

Action                     |  1- 3 |  4- 6 |  7- 9 || total
---------------------------+-------+-------+-------++-------
  Melee: Mace              |   138 |   253 |   223 ||   614
         Punch             |     3 |     2 |     2 ||     7
  Throw: Dart              |       |     1 |       ||     1
 Invoke: Berserk           |       |     1 |     1 ||     2
    Use: Scroll            |       |     6 |       ||     6
   Stab: Sleeping          |       |       |     1 ||     1
 Armour: Animal skin       |     6 |       |       ||     6
         Leather armour    |    51 |   116 |   102 ||   269
  Dodge: Dodged            |    80 |   147 |   114 ||   341
